 Dungeon Crawl Stone Soup version 0.28-a0-1182-g381e24db82 (webtiles) character file.

Game seed: 6929496690575717574

945 ytrimaz the Protected (level 8, -2/55 (64) HPs)
             Began as a Formicid Fighter on Dec 16, 2021.
             Was an Initiate of Ru.
             Slain by an ogre (10 damage)
             ... on level 5 of the Dungeon.
             The game lasted 00:05:08 (5439 turns).

ytrimaz the Protected (Formicid Fighter)            Turns: 5439, Time: 00:05:09

HP:   -2/55 (64)    AC: 13    Str: 24    XL:     8   Next: 35%
MP:   8/8           EV: 10    Int:  9    God:    Ru [......]
Gold: 200           SH:  4    Dex: 10    Spells: 7/7 levels left

rFire   . . .      SeeInvis +   a - +0 war axe
rCold   . . .      Faith    .   c - +0 buckler
rNeg    . . .      Spirit   .   b - +1 scale mail
rPois   .          Reflect  .   (helmet unavailable)
rElec   .          Harm     .   (no cloak)
rCorr   .          Rampage  .   (no gloves)
Will    .....                   (no boots)
Stlth   ..........              (no amulet)
HPRegen 0.18/turn               f - +4 ring of protection
MPRegen 0.11/turn               (no ring)

@: studying Armour, heavily drained
A: permanent stasis, dig shafts and tunnels, antennae 3, four strong arms,
clever 1, noise suppression
a: Dig, Shaft Self, Renounce Religion


You were on level 5 of the Dungeon.
You worshipped Ru.
Ru was noncommittal.
You visited 2 branches of the dungeon, and saw 6 of its levels.

You collected 200 gold pieces.

Inventory:

Hand Weapons
 a - a +0 war axe (weapon)
Armour
 b - a +1 scale mail (worn)
 c - a +0 buckler (worn)
Jewellery
 f - a +4 ring of protection (left hand)
Potions
 d - a potion of flight


   Skills:
 * Level 6.2 Fighting
 + Level 6.1 Axes
 * Level 8.4 Armour
 - Level 3.6 Shields


You had 7 spell levels left.
You didn't know any spells.
Your spell library contained the following spells:

 Spells                   Type           Power      Damage    Failure   Level
 Freeze                   Ice            0%         1d3       65%         1
 Frozen Ramparts          Ice            0%         1d2       95%         3
 Ignite Poison            Fire/Tmut/Pois 0%         N/A       95%         3
 Mephitic Cloud           Conj/Pois/Air  0%         N/A       95%         3
 Hailstorm                Conj/Ice       0%         3d3       100%        4
 Freezing Cloud           Conj/Ice/Air   0%         6-21      100%        5


Dungeon Overview and Level Annotations

Branches:
Dungeon (5/15)             Temple (1/1) D:5

Altars:
Ashenzari
Cheibriados
Elyvilon
Fedhas
Gozag
Hepliaklqana
Kikubaaqudgha
Makhleb
Nemelex Xobeh
Qazlal
Ru
Sif Muna
Trog
Uskayaw
Vehumet
Wu Jian
Xom
Yredelemnul
Zin
The Shining One

Shops:
D:5 *


Innate Abilities, Weirdness & Mutations

You cannot be hasted, slowed, berserked, paralysed or teleported.
You can dig through walls and to a lower floor.
You have a pair of large antennae on your head. (SInv)
Your four strong arms can wield two-handed weapons with a shield.
Your mind is acute. (Int +2)
You passively dampen the noise of your surroundings.


Message History

The ogre is lightly wounded.
You block the ogre's attack.
You hit the ogre.
The ogre is moderately wounded.
You block the ogre's attack.
You barely miss the ogre.
The ogre is moderately wounded.
You block the ogre's attack.
You barely miss the ogre.
The ogre is moderately wounded.
The ogre barely misses you.
You closely miss the ogre.
The ogre is moderately wounded.
The ogre barely misses you.
You completely miss the ogre.
The ogre is moderately wounded.
The ogre hits you with a +0 giant spiked club!
You barely miss the ogre.
The ogre is moderately wounded.
The ogre closely misses you.
You slash the ogre!
The ogre is severely wounded.
The ogre hits you with a +0 giant spiked club.
You hit the ogre.
The ogre is severely wounded.
The ogre hits you with a +0 giant spiked club.
You hit the ogre.
The ogre is almost dead.
The ogre hits you with a +0 giant spiked club!!
Ouch! That really hurt!
* * * LOW HITPOINT WARNING * * *
You barely miss the ogre.
The ogre is almost dead.
You hit the ogre.
The ogre is almost dead.
You block the ogre's attack.
You completely miss the ogre.
The ogre is almost dead.
The ogre hits you with a +0 giant spiked club!
You die...

........... ........#
........... .......+
........... .......#
...........
......##...........
#####..................
#.............#####'#..
#.....O.......# #.###
#.....@.......# #.# #
#.............# #.# #
#.............#####.# #
#.............+.....###
#.............#####....
####........)....##....
#...............##....
#...............######
#.).............# #


You could see an ogre.

Vanquished Creatures
  Sigmund (D:2)
  An ogre (D:4)
  A centaur (D:5)
  A phantom (D:5)
  A bullfrog (D:5)
  A water moccasin skeleton (D:5)
  A wight (D:4)
  2 bullfrog zombies (D:5)
  A jelly (D:5)
  A hound (D:5)
  A bullfrog skeleton (D:4)
  A centaur skeleton (D:5)
  An orc wizard (D:5)
  A scorpion zombie (D:5)
  7 adders
  An ufetubus (D:4)
  An adder skeleton (D:5)
  2 worms
  5 dart slugs
  8 orcs
  3 bats
  5 endoplasms
  2 giant cockroaches
  9 goblins
  3 hobgoblins
  16 jackals
  4 quokkas
  3 ball pythons
  3 frilled lizards
  5 kobolds
  3 rats
95 creatures vanquished.

Vanquished Creatures (others)
  A plant (D:3)
1 creature vanquished.

Grand Total: 96 creatures vanquished

Notes
Turn   | Place    | Note
-------+----------+-------------------------------------------
     0 | D:1      | ytrimaz the Formicid Fighter began the quest for the Orb.
     0 | D:1      | Reached XP level 1. HP: 18/18 MP: 1/1
    87 | D:1      | Reached XP level 2. HP: 20/24 MP: 2/2
   421 | D:1      | Reached skill level 4 in Armour
   619 | D:2      | Reached XP level 3. HP: 30/30 MP: 3/3
   719 | D:2      | Noticed Sigmund
   726 | D:2      | Killed Sigmund
   727 | D:2      | Reached skill level 5 in Armour
   727 | D:2      | Reached XP level 4. HP: 31/38 MP: 4/4
   727 | D:2      | Reached XP level 5. HP: 35/43 MP: 5/5
   986 | D:2      | Reached skill level 6 in Armour
   986 | D:2      | Reached XP level 6. HP: 49/49 MP: 6/6
  1778 | D:3      | Found a faded altar of an unknown god.
  2332 | D:4      | Noticed an ogre
  2346 | D:4      | Killed an ogre
  2347 | D:4      | Reached skill level 5 in Fighting
  2523 | D:4      | Reached XP level 7. HP: 46/56 MP: 7/7
  3453 | D:5      | Entered Level 5 of the Dungeon
  3471 | D:5      | Reached skill level 7 in Armour
  3517 | D:5      | Found a staircase to the Ecumenical Temple.
  3527 | Temple   | Entered the Ecumenical Temple
  3838 | Temple   | Became a worshipper of Ru the Awakened
  3964 | D:5      | Reached skill level 5 in Axes
  4108 | D:5      | Found Cuacuc's Overcharged Wands.
  4238 | D:5      | Reached skill level 8 in Armour
  4238 | D:5      | Reached XP level 8. HP: 60/64 MP: 8/8
  4817 | D:4      | Gained mutation: You passively dampen the noise of your
                  | surroundings. [potion of mutation]
  4817 | D:4      | Gained mutation: Your mind is acute. (Int +2) [potion of
                  | mutation]
  4854 | D:3      | You fall into a shaft and drop 1 floor!
  5439 | D:5      | Slain by an ogre

Illustrated notes

Levels and vault maps discovered:
D:1:      saegor_arrival_under_anarchy, layout_basic
D:2:      minmay_skewed_foursquare, layout_basic, uniq_sigmund
D:3:      layout_rooms, shapermc_ecumenical_altar_flowoftime
D:4:      layout_loops_corners
D:5:      layout_basic, minmay_temple_entry_butterflies,
          nicolae_shop_overcharged_wands
Temple:   mainiacjoe_temple_cubbyholes

Skill      XL: |  1  2  3  4  5  6  7  8 |
---------------+-------------------------+-----
Armour         | 4 5 6 8 |  8.4
Fighting       | 4 5 6 |  6.2
Axes           | 3 4 5 6 |  6.1
Shields        | |  3.6

Action                   |  1- 3 |  4- 6 |  7- 9 || total
-------------------------+-------+-------+-------++-------
Melee: War axe           |    64 |   167 |   157 ||   388
 Abil: Shaft Self        |       |       |     1 ||     1
  Use: Scroll            |     1 |     4 |     5 ||    10
       Potion            |     1 |     1 |     2 ||     4
Armor: Scale mail        |    26 |    94 |   106 ||   226
Dodge: Dodged            |    40 |    91 |    79 ||   210
Block: Buckler           |    14 |    40 |    43 ||    97

Table legend: (Time is in decaauts)
 A = Elapsed time spent in this place.
 B = Non-inter-level travel time spent in this place.
 C = Inter-level travel time spent in this place.
 D = Time resting spent in this place.
 E = Time spent auto-exploring this place.
 F = Levels seen in this place.
 G = Mean time per level.
                   A        B        C        D        E       F      G
               +--------+--------+--------+--------+--------+-----+--------+
         Total |   5557 |   5353 |    204 |    718 |   3590 |   6 |  926.2 |
       Dungeon |   5203 |   5061 |    142 |    718 |   3301 |   5 | 1040.6 |
        Temple |    353 |    291 |     62 |      0 |    289 |   1 |  353.0 |
               +--------+--------+--------+--------+--------+-----+--------+

Top non-repeatable levels by time:
     D:4: 2008 daAuts
     D:2: 1123 daAuts
     D:5: 887 daAuts
     D:1: 630 daAuts
     D:3: 554 daAuts
  Temple: 353 daAuts
